 Dungeon Crawl Stone Soup version 0.29-a0-1043-g569b05d6ff (webtiles) character file.

Game seed: 8677749479596966112

52 greenreed the Conjurer (level 3, 0/19 HPs)
             Began as a Deep Elf Conjurer on Aug 15, 2022.
             Slain by Terence
             ... wielding a +0 hand axe
              (9 damage)
             ... on level 2 of the Dungeon.
             The game lasted 00:02:52 (1577 turns).

greenreed the Conjurer (Deep Elf Conjurer)          Turns: 1577, Time: 00:02:52

Health: 0/19       AC:  2    Str:  4    XL:     3   Next: 60%
Magic:  7/9        EV: 12    Int: 24    God:
Gold:   85         SH:  0    Dex: 13    Spells: 2/8 levels left

rFire   . . .      SeeInvis .   (no weapon)
rCold   . . .      Faith    .   (no shield)
rNeg    . . .      Spirit   .   a - +0 robe
rPois   .          Reflect  .   (no helmet)
rElec   .          Harm     .   (no cloak)
rCorr   .          Rampage  .   (no gloves)
Will    .....                   (no boots)
Stlth   ++........              (no amulet)
HPRegen 0.06/turn               (no ring)
MPRegen 0.11/turn               (no ring)

@: no status effects
A: no striking features
a: no special abilities


You were on level 2 of the Dungeon.
You visited 1 branch of the dungeon, and saw 2 of its levels.

You collected 85 gold pieces.

Inventory:

Hand Weapons
 m - a +0 sling
Armour
 a - a +0 robe (worn)
Scrolls
 d - a scroll of teleportation {unknown}
 e - 3 scrolls of identify {unknown}
 g - a scroll of poison {unknown}
 i - a scroll of noise {unknown}
 j - a scroll of magic mapping {unknown}
 k - a scroll of enchant weapon {unknown}
Potions
 b - a potion of magic
 c - a potion of curing {unknown}
 f - a potion of brilliance {unknown}
 h - a potion of degeneration {unknown}
 l - a potion of resistance {unknown}


   Skills:
 + Level 2.6 Dodging
 + Level 2.6 Stealth
 + Level 3.3 Spellcasting
 + Level 5.6 Conjurations


You had 2 spell levels left.
You knew the following spells:

 Your Spells              Type           Power      Damage    Failure   Level
a - Magic Dart            Conj           100%       1d8       1%          1
b - Searing Ray           Conj           60%        2d6       1%          2
c - Dazzling Flash        Conj/Hex       34%        N/A       10%         3

Your spell library contained the following spells:

 Spells                   Type           Power      Damage    Failure   Level
 Fulminant Prism          Conj/Hex       8%         3d7       32%         4
 Iskenderun's Mystic Bla  Conj/Tloc      17%        2d5       32%         4


Dungeon Overview and Level Annotations

Branches:
Dungeon (2/15)

Altars:

Annotations:
D:2 Terence


Message History

The magic dart hits the hobgoblin.
You kill the hobgoblin!
e - 3 scrolls labelled ITERRA LOYLA (gained 1)
A jackal comes into view.
Things that are here:
a +0 dagger; a goblin corpse You miscast Magic Dart.
You are very lightly contaminated with residual magic.
Nothing appears to happen.
The magic dart hits Terence.
Terence is lightly wounded.
Terence shouts!
A jackal comes into view.
The magic dart hits the jackal.
The jackal is severely wounded.
The jackal barks!
The magic dart hits the jackal.
You kill the jackal!
Your magical contamination has completely faded away.
The jackal attacks as you move away! The jackal bites you. x2
The jackal attacks as you move away! The jackal closely misses you.
The jackal barely misses you. The jackal attacks as you move away!
The jackal bites you. The jackal bites you.
The jackal attacks as you move away! The jackal closely misses you.
The magic dart hits the jackal.
You kill the jackal!
The orc priest shouts!
The orc priest casts a cantrip, but nothing happens.
Terence says, "Time to say good-bye..."
Terence closely misses you. Terence attacks as you move away!
Terence misses you.
Terence drinks a potion.
Terence goes berserk!
Terence rages.
The orc shouts!
Terence hits you with a +0 hand axe. Terence attacks as you move away!
Terence closely misses you.
Terence rages.
Terence hits you with a +0 hand axe!
You die...

...........#####....###......
#..............##.............
#.............................
.............................
.................######......
#..............# ......
#.........o....# ......
#.###..........@...# ######
..............@....#
#......<...........#
#####..............############
..................'...........
############......############
########


You could see Terence (berserk) and an orc.

Vanquished Creatures
  An adder (D:2)
  2 dart slugs (D:1)
  An orc (D:1)
  3 bats (D:1)
  3 endoplasms (D:1)
  3 giant cockroaches
  3 hobgoblins
  5 jackals
  2 quokkas
  5 ball pythons
  2 goblins (D:2)
  2 kobolds (D:2)
  2 rats
34 creatures vanquished.

Notes
Turn   | Place    | Note
-------+----------+-------------------------------------------
     0 | D:1      | greenreed the Deep Elf Conjurer began the quest for the
                  | Orb.
     0 | D:1      | Reached XP level 1. HP: 10/10 MP: 6/6
   257 | D:1      | Reached XP level 2. HP: 10/15 MP: 5/8
   482 | D:1      | Reached skill level 5 in Conjurations
  1052 | D:2      | Reached XP level 3. HP: 19/19 MP: 5/9
  1164 | D:2      | Noticed Terence
  1189 | D:1      | Learned a level 2 spell: Searing Ray
  1193 | D:1      | Learned a level 3 spell: Dazzling Flash
  1577 | D:2      | Slain by Terence

Illustrated notes

Levels and vault maps discovered:
D:1:      saegor_arrival_fortress, layout_basic, minivault_26
D:2:      layout_basic, uniq_terence

Skill      XL: |  1  2 |
---------------+-------+-----
Conjurations   | 5 |  5.6
Dodging        | |  2.6
Stealth        | |  2.6
Spellcasting   | |  3.3

Action                   || total
-------------------------++-------
 Cast: Magic Dart        ||    67
Dodge: Dodged            ||     9

Table legend: (Time is in decaauts)
 A = Elapsed time spent in this place.
 B = Non-inter-level travel time spent in this place.
 C = Inter-level travel time spent in this place.
 D = Time resting spent in this place.
 E = Time spent auto-exploring this place.
 F = Levels seen in this place.
 G = Mean time per level.
                   A        B        C        D        E       F      G
               +--------+--------+--------+--------+--------+-----+--------+
         Total |   1577 |   1497 |     80 |    106 |   1227 |   2 |  788.5 |
       Dungeon |   1577 |   1497 |     80 |    106 |   1227 |   2 |  788.5 |
               +--------+--------+--------+--------+--------+-----+--------+

Top non-repeatable levels by time:
     D:1: 1184 daAuts
     D:2: 392 daAuts
